 Dungeon Crawl Stone Soup version 0.29.1-13-g9f3cf754e1 (webtiles) character file.

Game seed: 18238922129220386578

2243 shadowmeld the Thaumaturge (level 9, -7/61 HPs)
             Began as a Djinni Ice Elementalist on Feb 3, 2023.
             Shot with an arrow by a centaur (13 damage)
             ... on level 6 of the Dungeon.
             The game lasted 00:36:30 (5126 turns).

shadowmeld the Thaumaturge (DjIE)                   Turns: 5126, Time: 00:36:32

Health: -7/61      AC:  8    Str: 13    XL:     9   Next: 63%
Gold:   504        EV: 12    Int: 21    God:
                   SH:  0    Dex: 14

rFire   + + .      SeeInvis .   E - +9 rapier of Sunlight {spect, +Blink Fly}
rCold   x . .      Faith    .   (no shield)
rNeg    . . .      Spirit   .   r - +1 ring mail {Will+}
rPois   ∞          Reflect  .   B - +1 helmet
rElec   .          Harm     .   (no cloak)
rCorr   .          Rampage  .   (no gloves)
Will    +....                   (boots unavailable)
Stlth   +.........              e - amulet of regeneration
HPRegen 1.00/turn               l - +6 ring of strength
MPRegen 0.00/turn               (no ring)

@: flying
A: sickness immunity, fire resistance 2, cold vulnerability 1, float, innate
caster, HP casting, extra vitality 1
a: Evoke Blink


You were on level 6 of the Dungeon.
You visited 2 branches of the dungeon, and saw 7 of its levels.
You also visited: Sewer.

You collected 504 gold pieces.

Inventory:

Hand Weapons
 E - the +9 rapier of Sunlight (weapon) {spect, +Blink Fly}
   (You found it on level 6 of the Dungeon)

   When its wielder attacks, the weapon's spirit leaps out and strikes again.
   The spirit shares a part of any damage it takes with its wielder.
   Fly:       It grants you flight.
   +Blink:    It lets you blink.
Missiles
 u - a curare-tipped dart
 v - 2 poisoned darts
Armour
 a - a +0 robe
 r - a +1 ring mail of willpower (worn)
 B - a +1 helmet (worn)
 D - a +2 robe of willpower
Jewellery
 e - an amulet of regeneration (around neck)
 l - a +6 ring of strength (left hand)
 F - a +4 ring of protection
Wands
 w - a wand of mindburst (13)
 C - a wand of paralysis (8)
Scrolls
 b - 2 scrolls of enchant weapon
 c - a scroll of blinking
 g - 2 scrolls of teleportation
 j - 2 scrolls of enchant armour
 k - 4 scrolls of noise
 n - 5 scrolls of fear
 o - 2 scrolls of identify
 p - a scroll of magic mapping
 t - a scroll of fog {unknown}
 x - a scroll of poison {unknown}
 y - a scroll of amnesia {unknown}
 z - a scroll of silence {unknown}
Potions
 d - 2 potions of haste {unknown}
 f - 2 potions of degeneration {unknown}
 h - a potion of magic {unknown}
 i - 2 potions of attraction {unknown}
 m - 2 potions of curing {unknown}
 q - a potion of might {unknown}
 s - a potion of cancellation {unknown}
 A - a potion of lignification {unknown}


   Skills:
 * Level 3.5 Fighting
 + Level 1.4 Armour
 * Level 4.7 Dodging
 - Level 1.5 Stealth
 * Level 9.0 Spellcasting


You had 5 spell levels left.
You knew the following spells:

 Your Spells              Type           Power      Damage    Failure   Level
a - Freeze                Ice            100%       1d11      1%          1
b - Frozen Ramparts       Ice            94%        1d15      1%          3
c - Ozocubu's Armour      Ice            47%        N/A       1%          3
d - Hailstorm             Conj/Ice       47%        3d11      3%          4
e - Magic Dart            Conj           100%       1d8       1%          1
f - Call Imp              Summ           47%        N/A       1%          2
g - Vampiric Draining     Necr           47%        2d9       1%          3
h - Fulminant Prism       Conj/Hex       23%        3d13      3%          4
Your spell library was empty.

Dungeon Overview and Level Annotations

Branches:
Dungeon (6/15)             Temple (1/1) D:5           Sewer (visited)

Altars:
Cheibriados
Dithmenos
Elyvilon
Fedhas
Hepliaklqana
Makhleb
Nemelex Xobeh
Qazlal
Ru
Uskayaw
Wu Jian
Zin
The Shining One

Shops:
D:1 ?

Annotations:
D:6 3 runed translucent doors, middlethird's ghost, novice MeFi


Innate Abilities, Weirdness & Mutations

You are immune to sickness and miasma.
You are immune to poison.
Your flesh is very heat resistant. (rF++)
You are vulnerable to cold. (rC-)
You float through the air rather than walking.
You learn spells naturally, not from books.
Your magical power is your life essence.
You have superior vitality. (+4 MHP)


Message History

The centaur wields a +0 shortbow of flaming.
It bursts into flame!
The centaur shoots an arrow.
The arrow hits you.
* * * LOW HITPOINT WARNING * * *
Casting: Hailstorm (dangerous; 4% risk of failure)
Confirm with . or Enter, or press ? or * to list all spells.
Casting: Hailstorm (dangerous; 4% risk of failure)
Press: ? - help, Dir - look around, f - activate A cannonade of hail descends around you!
The hail pelts the centaur!
You kill the centaur!
The hail pelts the centaur.
The centaur is moderately wounded.
* * * LOW HITPOINT WARNING * * *
A centaur comes into view.
The centaur wields a +0 shortbow.
The centaur shoots an arrow.
The arrow hits you.
* * * LOW HITPOINT WARNING * * *
The centaur wields a +0 shortbow.
The centaur shoots an arrow.
The arrow barely misses you.
Your Spellcasting skill increases to level 9!
Blink to where?
Press: ? - help, Dir - move target
Okay, then.
Blink to where?
Press: ? - help, Dir - move target
As you read the scroll of blinking, it crumbles to dust.
The centaur shoots an arrow.
The arrow hits you.
* * * LOW HITPOINT WARNING * * *
You start resting.
The centaur shoots an arrow.
The arrow hits you but does no damage.
Casting: Hailstorm (dangerous; 3% risk of failure)
Confirm with . or Enter, or press ? or * to list all spells.
Casting: Hailstorm (dangerous; 3% risk of failure)
Press: ? - help, Dir - look around, f - activate A cannonade of hail descends around you!
The hail pelts the centaur!!
The centaur is almost dead.
* * * LOW HITPOINT WARNING * * *
The centaur shoots an arrow.
The arrow hits you!
You die...

..c...≈≈≈≈≈≈≈≈≈≈≈##
...)..≈≈≈≈≈≈≈≈≈≈.#
#'#cc≈≈≈≈≈≈≈≈≈≈.#
#..≈≈≈≈≈≈≈≈≈..# ≈
#..≈≈≈≈≈≈≈≈≈.### ≈≈c
#.≈≈≈≈≈≈≈≈≈..'.. ≈≈≈.
#.≈≈≈≈≈≈≈....###
####≈≈≈≈.####c≈≈≈≈≈≈...###
...##≈≈≈≈≈≈@.≈≈≈≈≈.#######
.>...≈≈≈≈≈≈≈≈≈≈≈#.......# #
........≈≈≈≈≈≈#.#.......# #
#.###.######.##+#.......# #
#.# #.# #............###
#.###.## #......####.....
#......# #........##.....
#.###.######.##'#...##.....
#.###.# #.##.##.#...###+###


You could see a centaur.

Vanquished Creatures
  2 water moccasins
  A sky beast (D:6)
  An ice beast (D:6)
  2 ogres
  4 centaurs
  2 phantoms
  2 kobold brigands (Sewer)
  Blork the orc (D:5)
  A bullfrog (D:5)
  2 necrophages
  3 wights (D:6)
  A howler monkey (D:5)
  4 hounds (D:5)
  3 orc priests
  An iguana (D:6)
  3 orc wizards (D:4)
  11 gnolls
  3 river rats (Sewer)
  7 adders
  A white imp (D:6)
  2 worms
  A dart slug (D:1)
  20 orcs
  8 ball pythons
  4 bats
  5 endoplasms
  3 giant cockroaches
  3 goblins
  6 hobgoblins
  9 jackals
  7 quokkas
  6 frilled lizards
  12 kobolds
  7 rats
148 creatures vanquished.

Vanquished Creatures (others)
  A fungus (D:1)
  19 plants
20 creatures vanquished.

Grand Total: 168 creatures vanquished

Notes
Turn   | Place    | Note
-------+----------+-------------------------------------------
     0 | D:1      | shadowmeld the Djinni Ice Elementalist began the quest for
                  | the Orb.
     0 | D:1      | shadowmeld set off with the following spells memorised:
                  | Freeze, Frozen Ramparts, Ozocubu's Armour, Hailstorm.
     0 | D:1      | Reached XP level 1. HP: 15/15 MP: 0/0
   163 | D:1      | Found Zishrur's Magic Scroll Emporium.
   199 | D:1      | Reached XP level 2. HP: 16/21 MP: 0/0
   276 | D:1      | Found a faded altar of an unknown god.
   700 | D:1      | Reached XP level 3. HP: 16/26 MP: 0/0
   700 | D:1      | Learned a level 1 spell: Magic Dart
  1594 | D:2      | Reached skill level 4 in Spellcasting
  2064 | D:3      | Reached XP level 4. HP: 30/31 MP: 0/0
  2219 | D:3      | Reached skill level 1 in Fighting
  2254 | D:3      | Reached XP level 5. HP: 37/37 MP: 0/0
  2254 | D:3      | Learned a level 2 spell: Call Imp
  2467 | D:4      | Reached skill level 5 in Spellcasting
  2467 | D:4      | Reached XP level 6. HP: 41/42 MP: 0/0
  2611 | D:4      | Found a glowing drain.
  2615 | Sewer    | Entered a sewer
  2701 | Sewer    | Reached XP level 7. HP: 48/48 MP: 0/0
  2701 | Sewer    | Learned a level 3 spell: Vampiric Draining
  3134 | Sewer    | Reached skill level 6 in Spellcasting
  3387 | D:4      | Reached XP level 8. HP: 41/54 MP: 0/0
  3536 | D:5      | Entered Level 5 of the Dungeon
  3663 | D:5      | Reached skill level 7 in Spellcasting
  3735 | D:5      | Found a staircase to the Ecumenical Temple.
  3744 | Temple   | Entered the Ecumenical Temple
  3912 | Temple   | Became a worshipper of the Shining One
  3948 | D:5      | Found a snail-covered altar of Cheibriados.
  4274 | D:5      | Noticed Blork the orc
  4287 | D:5      | Killed Blork the orc
  4553 | D:6      | Fell from the grace of the Shining One
  4575 | D:6      | Reached XP level 9. HP: 40/59 MP: 0/0
  4575 | D:6      | Learned a level 4 spell: Fulminant Prism
  4578 | D:6      | Reached skill level 8 in Spellcasting
  4657 | D:6      | Identified the +9 rapier of Sunlight {spect, +Blink Fly}
  4755 | D:6      | Found a runed translucent gate.
  4755 | D:6      | Found a runed translucent gate.
  4755 | D:6      | Found a runed translucent gate.
  4761 | D:6      | Noticed middlethird's ghost (novice MeFi)
  4903 | D:6      | Reached skill level 1 in Armour
  5005 | D:6      | Found a shadowy altar of Dithmenos.
  5121 | D:6      | Reached skill level 9 in Spellcasting
  5126 | D:6      | Shot with an arrow by a centaur

Illustrated notes

Levels and vault maps discovered:
D:1:      lemuel_arrival_rhombus, layout_basic,
          dreamdust_ecumenical_altar_grove, serial_shops,
          nicolae_shop_waterfront, minmay_small_reverse_x
D:2:      layout_loops_ring
D:3:      layout_rooms, wander_ebering_terrifying_dragon_lair
D:4:      layout_basic, gup_sewer_entry_bowl, minivault_27
D:5:      layout_basic, slow_altar_1, lemuel_temple_firewalk_b,
          uniq_blork_the_orc
D:6:      layout_basic, kennysheep_mini, ebering_ghost_rock_garden, centaur_isle
Temple:   nicolae_temple_bog_church

Skill      XL: |  1  2  3  4  5  6  7  8  9 |
---------------+----------------------------+-----
Spellcasting   | 4 5 6 7 9 |  9.0
Fighting       | 1 2 3 |  3.5
Dodging        | 3 4 |  4.7
Armour         | 1 |  1.4
Stealth        | |  1.5

Action                   |  1- 3 |  4- 6 |  7- 9 || total
-------------------------+-------+-------+-------++-------
Melee: Unarmed           |     1 |       |       ||     1
       Short sword       |       |       |    19 ||    19
       Rapier            |       |       |     4 ||     4
 Cast: Freeze            |    33 |    28 |    85 ||   146
       Magic Dart        |    30 |    83 |   142 ||   255
       Call Imp          |       |     1 |       ||     1
       Hailstorm         |       |       |    16 ||    16
       Frozen Ramparts   |       |       |     4 ||     4
Invok: Renounce Religion |       |       |     1 ||     1
  Use: Scroll            |       |       |     8 ||     8
Armor: Robe              |     3 |     1 |     5 ||     9
       Ring mail         |       |       |    12 ||    12
Dodge: Dodged            |    17 |    15 |    54 ||    86
